 Dungeon Crawl Stone Soup version 0.23.2-1-ga50397a (webtiles) character file.

Game seed: 14740867149299851893

4955 diana the Gouger (level 10, -1/48 HPs)
             Began as a Felid Transmuter on May 30, 2019.
             Was a Believer of Vehumet.
             Slain by a cyclops (21 damage)
             ... on level 11 of the Dungeon.
             The game lasted 00:37:04 (17759 turns).

diana the Gouger (Felid Transmuter)                Turns: 17759, Time: 00:37:05

Health: -1/48      AC:  2    Str:  7    XL:     10   Next: 28%
Magic:  26/28      EV: 28    Int: 18    God:    Vehumet [**....]
Gold:   473        SH:  0    Dex: 21    Spells: 2/19 levels left
                                        Lives:  0   Deaths: 3

rFire    + . .     SeeInvis +     - Unarmed
rCold    x . .     Gourm    .   (shield unavailable)
rNeg     . . .     Faith    .   (armour unavailable)
rPois    x         Spirit   .   (helmet unavailable)
rElec    .         Reflect  .   (cloak unavailable)
rCorr    .         Harm     .   (gloves unavailable)
MR       +....                  (boots unavailable)
Stlth    ++++......             x - amulet of magic regeneration
HPRegen  0.16/turn              I - ring of fire
MPRegen  0.46/turn              E - ring of magical power

@: spider-form
A: tiny, no armour, no weapons or thrown items, stealth, see invisible,
carnivore, slow metabolism 1
a: End Transformation, Renounce Religion


You were on level 11 of the Dungeon.
You worshipped Vehumet.
Vehumet was pleased with you.
You were very full.
You were a venomous arachnid creature.
You visited 2 branches of the dungeon, and saw 13 of its levels.

You collected 473 gold pieces.

Inventory:

Missiles
 a - 204 arrows
Jewellery
 b - an uncursed ring of positive energy
 x - an amulet of magic regeneration (around neck)
 E - a ring of magical power (right front leg)
 I - a ring of fire (left front leg)
Wands
 v - a wand of polymorph (12)
 z - a wand of paralysis (7)
 D - a wand of flame (39)
 F - a wand of scattershot (7)
 H - a wand of acid (3)
Scrolls
 g - 4 scrolls of teleportation
 k - 4 scrolls of remove curse
 l - 4 scrolls of enchant armour {unknown}
 m - 2 scrolls of fog {unknown}
 r - 3 scrolls of enchant weapon {unknown}
 t - a scroll of noise
 u - a scroll of fear
 w - 2 scrolls of blinking {unknown}
 y - 3 scrolls of amnesia
 A - a scroll of vulnerability {unknown}
 G - a scroll of identify
Potions
 d - 3 potions of lignification
 e - 2 potions of degeneration
 f - a potion of might
 h - a potion of haste
 i - 4 potions of berserk rage
 j - a potion of cancellation
 n - 2 potions of heal wounds {unknown}
 o - 2 potions of curing
 p - a potion of resistance {unknown}
 q - 2 potions of invisibility {unknown}
 s - a potion of flight {unknown}
 B - a potion of mutation {unknown}
 C - a potion of magic {unknown}
Comestibles
 c - 17 rations


   Skills:
 * Level 8.1 Fighting
 + Level 7.8 Dodging
 + Level 7.8 Stealth
 * Level 8.6 Unarmed Combat
 + Level 5.3 Spellcasting
 - Level 2.0 Conjurations
 + Level 0.2 Charms
 + Level 6.4 Transmutations
 + Level 3.3 Fire Magic
 + Level 3.2 Ice Magic
 - Level 2.0 Poison Magic


You had 2 spell levels left.
You knew the following spells:

 Your Spells              Type           Power        Failure   Level  Hunger
a - Beastly Appendage     Tmut           ####..       4%          1    None
b - Sticks to Snakes      Tmut           ####....     6%          2    #......
c - Spider Form           Tmut/Pois      ###.......   19%         3    ##.....
d - Throw Flame           Conj/Fire      ###...       17%         2    #......
e - Ice Form              Ice/Tmut       ###.....     36%         4    ####...
f - Ozocubu's Armour      Chrm/Ice       ##......     38%         3    ##.....
g - Searing Ray           Conj           ##....       22%         2    #......

Your spell library contained the following spells:

 Spells                   Type           Power        Failure   Level  Hunger
 Freeze                   Ice            ###.         12%         1    None
 Flame Tongue             Conj/Fire      ###..        13%         1    None
 Throw Frost              Conj/Ice       ##....       19%         2    #......
 Ignite Poison            Fire/Tmut/Pois ####....     21%         3    ##.....
 Conjure Flame            Conj/Fire      ###.....     30%         3    ##.....
 Inner Flame              Hex/Fire       ###.....     38%         3    ##.....
 Blade Hands              Tmut           ####......   47%         5    ######.
 Sticky Flame             Conj/Fire      ###.....     61%         4    ####...
 Throw Icicle             Conj/Ice       ##......     63%         4    ####...
 Summon Ice Beast         Ice/Summ       ##......     75%         4    ####...
 Fireball                 Conj/Fire      ###.......   89%         5    ######.
 Bolt of Fire             Conj/Fire      ###.......   100%        6    #######
 Ring of Flames           Chrm/Fire      ###.......   100%        7    #######
 Ignition                 Fire           ####......   100%        8    #######


Dungeon Overview and Level Annotations

Branches:
Dungeon (12/15)            Temple (1/1) D:4            Lair (0/6) D:8
    Orc (0/2) D:10

Altars:
Ashenzari
Cheibriados
Dithmenos
Elyvilon
Fedhas
Gozag
Hepliaklqana
Kikubaaqudgha
Makhleb
Nemelex Xobeh
Okawaru
Qazlal
Sif Muna
Trog
Uskayaw
Vehumet
Wu Jian
Xom
Yredelemnul
Zin
The Shining One

Shops:
D:9 *

Annotations:
D:3 1 runed translucent door, Borgoz's ghost, amateur MiBe
D:4 3 runed translucent doors, Grendash's ghost, novice GrFi


Innate Abilities, Weirdness & Mutations

You cannot wear armour.
You are incapable of wielding weapons or throwing items.
Your paws allow you to move quietly. (Stealth)
((You have sharp claws.))
((You have razor-sharp teeth.))
You have supernaturally acute eyesight. (SInv)
You are carnivorous and can eat meat at any time.
((You cover ground quickly.))
((You are covered in thick fur. (AC +2)))
You have a slow metabolism.
((Your sharp claws are effective at attacking unaware monsters.))


Message History

Confirm with . or Enter, or press ? or * to list all spells.
You turn into a venomous arachnid creature.
You open the door.
The cyclops throws a large rock.
The large rock completely misses you.
Your icy armour cracks and falls away as you move.
There is an open door here.
The cyclops completely misses you.
You hit the cyclops.
The cyclops is lightly wounded.
You barely miss the cyclops.
The cyclops is lightly wounded.
The cyclops hits you!!
Ouch! That really hurt!
You are too injured to fight recklessly!
You are too injured to fight recklessly!
You are too injured to fight recklessly!
You hit the cyclops.
The cyclops is poisoned.
The cyclops is moderately wounded.
The cyclops hits you!!
You die...

##### #....# #....# '....#
#....# ########....#
#......#....# '...
#...Cs.'....# #†.#
#..###'#(.(.#
####..#####+.........##
#.....................#
##..............##.....#
#.............######...#
#............#.#..#.#..#
#.††.>z......##.##.##..## ..
#..###.###'.##.#..#.##..##...


You could see a cyclops.

Vanquished Creatures
  A cyclops (D:11)
  A kobold demonologist (D:10)
  A troll (D:10)
  A meliai zombie (D:12)
  A hippogriff (D:8)
  A spriggan (D:8)
  Sigmund (D:2)
  2 wyverns (D:10)
  A wraith (D:10)
  9 yaks
  A basilisk (D:11)
  An acid dragon (D:11)
  A black bear (D:11)
  2 orc warriors
  3 sky beasts
  A necrophage (D:7)
  An ogre (D:10)
  2 centaurs
  A crocodile (D:11)
  A gnoll sergeant (D:10)
  A wyvern zombie (D:6)
  6 bullfrogs
  A wyvern skeleton (D:10)
  2 water moccasin skeletons
  5 scorpions
  A wight (D:11)
  10 killer bees (D:10)
  2 crimson imps
  2 quasits (D:8)
  A jelly (D:9)
  5 hounds
  2 centaur zombies
  8 orc priests
  2 bullfrog skeletons
  10 orc wizards
  4 centaur skeletons
  Ijyb (D:4)
  5 iguanas
  6 worker ants
  A killer bee zombie (D:10)
  2 hound skeletons
  A worker ant zombie (D:5)
  6 adders
  8 gnolls
  3 shadow imps
  An adder skeleton (D:9)
  2 worms (D:3)
  3 dart slugs
  8 leopard geckos
  33 orcs
  4 giant cockroaches
  8 hobgoblins
  4 jackals
  3 kobolds
  4 quokkas
  A ball python (D:3)
  8 bats
  5 frilled lizards (D:1)
  4 goblins
  A leopard gecko skeleton (D:7)
  A leopard gecko zombie (D:7)
  A quokka skeleton (D:4)
  10 rats
229 creatures vanquished.

Vanquished Creatures (others)
  A quokka (D:10)
  11 plants (D:11)
12 creatures vanquished.

Grand Total: 241 creatures vanquished

Notes
Turn   | Place    | Note
-------+----------+-------------------------------------------
     0 | D:1      | diana the Felid Transmuter began the quest for the Orb.
     0 | D:1      | Reached XP level 1. HP: 9/9 MP: 4/4
   275 | D:1      | Reached XP level 2. HP: 11/12 MP: 6/6
   499 | D:1      | Reached skill level 1 in Stealth
   886 | D:2      | Noticed a +0 dagger
   887 | D:2      | Noticed a +0 hand axe
   911 | D:2      | Reached XP level 3. HP: 16/16 MP: 7/7
   964 | D:2      | Noticed Sigmund
   972 | D:2      | Killed Sigmund
   972 | D:2      | Reached XP level 4. HP: 20/20 MP: 8/8
   972 | D:2      | Reached XP level 5. HP: 23/23 MP: 9/9
  1539 | D:2      | Found a hide-covered altar of Uskayaw.
  2171 | D:3      | Gained mutation: You are covered in thick fur. (AC +2)
                  | [Felid growth]
  2171 | D:3      | Reached XP level 6. HP: 15/28 MP: 10/10
  2720 | D:3      | Found a glowing silver altar of Zin.
  2787 | D:3      | Found a runed translucent door.
  2794 | D:3      | Noticed Borgoz's ghost (amateur MiBe)
  3119 | D:4      | Noticed Ijyb
  3136 | D:4      | Killed Ijyb
  3733 | D:4      | Found a shimmering altar of Xom.
  3814 | D:4      | Found a runed translucent gate.
  3814 | D:4      | Found a runed translucent gate.
  3815 | D:4      | Found a runed translucent gate.
  3816 | D:4      | Noticed Grendash's ghost (novice GrFi)
  3837 | D:4      | Reached XP level 7. HP: 13/31 MP: 12/12
  4043 | D:4      | Found a staircase to the Ecumenical Temple.
  4130 | Temple   | Entered the Ecumenical Temple
  4334 | Temple   | Became a worshipper of Vehumet
  4458 | D:4      | HP: 1/31 [orc/+0 falchion (7)]
  4459 | D:4      | Killed from afar by an orc priest
  4460 | D:4      | Reached XP level 6. HP: -12/28 MP: 11/11
  5295 | D:3      | Learned a level 2 spell: Sticks to Snakes
  5460 | D:5      | Entered Level 5 of the Dungeon
  5792 | D:5      | Reached skill level 5 in Unarmed Combat
  6337 | D:5      | You fall through a shaft!
  6555 | D:6      | Noticed an orc warrior
  6632 | D:6      | Reached XP level 7. HP: 32/32 MP: 12/12
  6639 | D:6      | Found a white marble altar of Elyvilon.
  6651 | D:6      | Mangled by a wyvern zombie
  6652 | D:6      | Reached XP level 6. HP: -7/28 MP: 10/11
  7286 | D:5      | Noticed a sky beast
  7311 | D:6      | Learned a level 3 spell: Spider Form
  7394 | D:6      | Learned a level 2 spell: Throw Flame
  7462 | D:5      | Killed a sky beast
  7462 | D:5      | Reached skill level 5 in Dodging
  8101 | D:6      | Found a sparkling altar of Nemelex Xobeh.
  8155 | D:6      | Reached XP level 7. HP: 11/33 MP: 7/13
  8551 | D:5      | Reached skill level 5 in Fighting
  8634 | D:6      | Reached skill level 1 in Poison Magic
  8859 | D:7      | Noticed a brown ugly thing
  9009 | D:7      | Reached skill level 5 in Stealth
  9312 | D:7      | Reached XP level 8. HP: 35/37 MP: 12/14
  9321 | D:7      | Reached * piety under Vehumet
  9321 | D:7      | Offered knowledge of Freeze by Vehumet.
 10216 | D:8      | Learned a level 4 spell: Ice Form
 10220 | D:8      | Found a staircase to the Lair.
 10365 | D:8      | Found a blossoming altar of Fedhas.
 11116 | D:8      | Noticed a hippogriff
 11131 | D:8      | Killed a hippogriff
 11131 | D:8      | Reached skill level 5 in Transmutations
 11131 | D:8      | Reached skill level 1 in Fire Magic
 11561 | D:9      | Reached skill level 1 in Conjurations
 11565 | D:9      | Reached XP level 9. HP: 18/41 MP: 16/16
 11754 | D:9      | Reached skill level 1 in Ice Magic
 12145 | D:9      | Found Jeujibag's General Store.
 12274 | D:9      | Found a snail-covered altar of Cheibriados.
 12283 | D:9      | Found an ornate altar of the Wu Jian Council.
 13419 | D:10     | Entered Level 10 of the Dungeon
 13922 | D:10     | Noticed a kobold demonologist
 14292 | D:10     | Found a white marble altar of Elyvilon.
 14403 | D:10     | Reached XP level 10. HP: 37/47 MP: 18/18
 14443 | D:10     | Reached ** piety under Vehumet
 14443 | D:10     | Offered knowledge of Sting by Vehumet.
 14474 | D:9      | Learned a level 3 spell: Ozocubu's Armour
 14897 | D:10     | HP: 2/47 [centaur/arrow (1)]
 15683 | D:10     | Found a staircase to the Orcish Mines.
 15728 | D:10     | Reached skill level 5 in Spellcasting
 16005 | D:10     | Slain by an orc warrior
 16006 | D:10     | Reached XP level 9. HP: -3/51 MP: 21/26
 16665 | D:11     | Noticed a cyclops
 16669 | D:11     | Noticed an ettin
 16674 | D:11     | Killed a cyclops
 16674 | D:11     | Reached XP level 10. HP: 48/48 MP: 18/18
 17018 | D:11     | You fall through a shaft!
 17042 | D:12     | Offered knowledge of Searing Ray by Vehumet.
 17050 | D:12     | Learned a level 2 spell: Searing Ray
 17685 | D:11     | Noticed a cyclops
 17759 | D:11     | Slain by a cyclops

Skill      XL: |  1  2  3  4  5  6  7  8  9 10 |
---------------+-------------------------------+-----
Stealth        | 1 2 4 5 6 7 |  7.8
Dodging        | 3 5 6 7 |  7.8
Fighting       | 2 3 4 5 6 7 8 |  8.1
Unarmed Combat | 4 5 6 7 8 |  8.6
Transmutations | 3 4 5 6 |  6.4
Spellcasting   | 3 4 5 |  5.3
Poison Magic   | 1 2 |  2.0
Fire Magic     | 1 3 |  3.3
Conjurations   | 1 2 |  2.0
Ice Magic      | 3 |  3.2
Charms         | |  0.2

Action                   |  1- 3 |  4- 6 |  7- 9 | 10-12 || total
-------------------------+-------+-------+-------+-------++-------
Melee: Unarmed           |    69 |   314 |   389 |   166 ||   938
       Bite              |     2 |    27 |    24 |     1 ||    54
       Punch             |     1 |     3 |     6 |       ||    10
       Headbutt          |       |    11 |     3 |       ||    14
 Cast: Beastly Appendage |       |    13 |     6 |       ||    19
       Sticks to Snakes  |       |     9 |     1 |       ||    10
       Throw Flame       |       |     4 |    49 |    52 ||   105
       Spider Form       |       |     2 |    18 |    12 ||    32
       Ice Form          |       |       |       |     3 ||     3
       Ozocubu's Armour  |       |       |       |     2 ||     2
       Searing Ray       |       |       |       |     1 ||     1
Evoke: Wand              |       |       |     1 |       ||     1
  Use: Potion            |     1 |     4 |     1 |     2 ||     8
       Scroll            |       |       |     8 |     1 ||     9
 Stab: Sleeping          |     2 |    11 |    12 |     1 ||    26
       Distracted        |       |     4 |       |       ||     4
  Eat: Chunk             |       |     9 |    19 |    17 ||    45
       Ration            |       |       |     1 |       ||     1
Armor: Skin              |     4 |    30 |    21 |     8 ||    63
Dodge: Dodged            |    52 |   215 |   355 |   202 ||   824
